Unix NetHack Version 5.0.0-0 post-release - last build Jul 14 2026 02:55:29 (1809b74e8187c3a3585e283601c3028b46cbbdcb,branch:main).

Game began 2026-07-15 23:42:47, ended 2026-07-16 00:20:18.

Euronymous109, neutral female gnomish Wizard

                                                                       ------
                                                                      #.....|
                           ------                                     #|....|
        -------------      |....|       ---------                     #|....|
        |...........|     #.....|       |.......|         --------   ##-.----
        |...........-######|....-%######......<.|    #####-.......####  #
        |...........|     #|....|       |.......| ####    |......|      ##
        |...........|     #|....|       |........##       |......|       #
        -|-----------     #|.[..|       ---------         |......|       #
         #                #---+--                         |......|       #
         #                #####                           --------       #
         ######              #                                           ###
              #              #                                           --|--
        ------.--            @                                           |...|
        |.......|            q                                           |...|
        |........##    ------#                                       ####-...|
        |.......| #####.....|#                                           |...|
        ---.-----      |((>.-#                                           |.(.|
           #           ------                                            -----

Euronymous109 the Conjurer  St:7 Dx:14 Co:13 In:19 Wi:9 Ch:11  Neutral
Dlvl:5  $:169 HP:0(18) Pw:33(43) AC:9  Xp:4 T:2595 

Latest messages:
 You kill the iguana!
 There is an open door here.
 You see here a coyote corpse.
 There is a coyote corpse here; eat it? [ynq] (n) y
 This coyote corpse tastes okay.
 You finish eating the coyote corpse.
 You see here a coyote corpse.
 There is a coyote corpse here; eat it? [ynq] (n) y
 This coyote corpse tastes terrible!
 You finish eating the coyote corpse.
 You see here 13 gold pieces.
 $ - 13 gold pieces (169 in total).
 You find a hidden door.
 The door opens.
 KABOOM!!  The door was booby-trapped!
 You stagger...
 You feel a bit steadier now.
 You hear the footsteps of a guard on patrol.
 You find a hidden passage.
 You find a hidden passage.
 You hear someone counting gold coins.
 You see here a leash.
 There is a grave here.
 Something is engraved here on the headstone.
 You read: "Saved by the bell!"
 You see here a bell.
 The door resists!
 The door opens.
 You find a hidden door.
 You sense the presence of monsters.
 (For instructions type a '?')
 The rothe hits!
 The rothe just misses!
 The rothe bites!
 You miss the rothe.
 The rothe hits!
 The rothe bites!
 The rothe bites again!
 What do you want to write with? [- c-emoCL or ?*] <esc>
 Never mind.
 In what direction? 2
 The spell misses the rothe.
 The rothe hits!
 The rothe bites!
 You die...
 Do you want your possessions identified? [ynq] (y) y
 Do you want to see your attributes? [ynq] (y) y
 Do you want an account of creatures vanquished? [ynaq] (y) n
 Do you want to see your conduct and achievements? [ynq] (y) n
 Do you want to see the dungeon overview? [ynq] (y) n

Inventory:
 Coins    ('$')
  $ - 169 gold pieces
 Weapons  (')')
  C - a +0 elven dagger (weapon in right hand)
 Armor    ('[')
  b - an uncursed +0 cloak of magic resistance (being worn)
 Comestibles  ('%')
  G - 3 uncursed food rations
  K - an uncursed lembas wafer
  w - an uncursed pancake
  v - 2 uncursed pears
  s - an uncursed tripe ration
 Scrolls  ('?')
  B - an uncursed scroll of create monster
  i - an uncursed scroll of earth
  M - an uncursed scroll of identify
  h - an uncursed scroll of light
  r - an uncursed scroll of taming
  j - an uncursed scroll of teleportation
 Spellbooks  ('+')
  k - a blessed spellbook of force bolt
  l - an uncursed spellbook of healing
 Potions  ('!')
  A - a cursed potion of extra healing
  t - a blessed potion of gain energy
  g - an uncursed potion of healing
  p - a cursed potion of healing
  f - 2 uncursed potions of monster detection
  F - an uncursed potion of restore ability
 Rings    ('=')
  e - an uncursed ring of fire resistance
  o - a blessed +2 ring of increase accuracy (on left hand)
  d - an uncursed ring of searching (on right hand)
 Wands    ('/')
  L - a wand of cancellation (0:6)
  c - a wand of locking (0:6)
 Tools    ('(')
  n - an uncursed blindfold
  m - a magic marker (0:20)
  x - an uncursed tin whistle

Euronymous109 the Wizard's attributes:

Background:
 You were a Conjurer, a level 4 female gnomish Wizard.
 You were neutral, nominally on a mission for Thoth
 who was opposed by Ptah (lawful) and Anhur (chaotic).
 You were right-handed.
 You were in the Dungeons of Doom, on level 5.
 You entered the dungeon 2595 turns ago.
 It was the midnight hour.
 There was a new moon in effect when your adventure ended.
 You had 137 experience points, 23 more were needed to attain level 5.

Basics:
 You had 0 out of 18 hit points.
 You had 33 out of 43 energy points (spell power).
 Your armor class was 9.
 Your wallet contained 169 zorkmids.
 Autopickup was off.

Final Characteristics:
 Your strength was 7 (peak:9, limit:18/50).
 Your dexterity was 14 (limit:18).
 Your constitution was 13 (limit:18).
 Your intelligence was 19 (limit:19).
 Your wisdom was 9 (peak:10, limit:18).
 Your charisma was 11 (limit:18).

Final Status:
 You weren't hungry.
 You were unencumbered.
 You were wielding a dagger.
 You were unskilled in dagger.

Final Attributes:
 You were piously aligned.
 You were magic-protected.
 You had automatic searching.
 You had infravision.
 You had a small bonus to hit (+2).
 You were warded.
 You are dead.

Miscellaneous:
 You didn't encounter any bones levels.
 Total elapsed playing time was 37 minutes and 29 seconds.

Major events:
 Turn
    1: Euronymous109 the neutral female gnomish Wizard entered the dungeon
  964: attained the rank of Conjurer (level 3)
 2595: killed by a rothe

Spells:
 Name                 Level Category     Fail Retention
 force bolt             1   attack         0%   81%-90%
 healing                1   healing        0%  76%-100%
 jumping                1   escape         0%  76%-100%
 detect monsters        1   divination     0%  76%-100%

Skills:
 Fighting Skills
   bare handed combat [Unskilled]
   riding             [Unskilled]
 Weapon Skills
   dagger             [Unskilled]
   knife              [Unskilled]
   axe                [Unskilled]
   short sword        [Unskilled]
   club               [Unskilled]
   mace               [Unskilled]
   quarterstaff       [Basic]
   polearms           [Unskilled]
   spear              [Unskilled]
   trident            [Unskilled]
   sling              [Unskilled]
   dart               [Unskilled]
   shuriken           [Unskilled]
 Spellcasting Skills
   attack spells      [Basic]
   healing spells     [Unskilled]
   divination spells  [Unskilled]
   enchantment spells [Basic]
   clerical spells    [Unskilled]
   escape spells      [Unskilled]
   matter spells      [Unskilled]

Voluntary challenges:
 Character rerolling was not enabled.
 You were an atheist.
 You never genocided any monsters.
 You never polymorphed an object.
 You never changed form.
 You used no wishes.
Achievements:
 You entered a shop.
 You attained the rank of Conjurer.

 The Dungeons of Doom: levels 1 to 5
    Level 1:
       Some fountains, a sink.
    Level 2:
       A bookstore, a grave.
    Level 3:
       A general store, an altar, a fountain.
    Level 4:
       A fountain.
    Level 5: <- You were here.
       A grave.
       Final resting place for
          you, killed by a rothe.


Vanquished creatures:
  a floating eye
  a kobold leader
  a kobold shaman
  2 rothes
  2 iguanas
  3 acid blobs
  2 coyotes
  a gas spore
  a hobbit
  a large kobold
  2 giant rats
  3 yellow molds
  2 gnomes
  a gecko
  2 jackals
  a kobold
  2 goblins
  4 sewer rats
  2 grid bugs
  2 bats
  4 lichens
  2 kobold zombies
  6 newts
48 creatures vanquished.

No species were genocided or became extinct.

Game over:
                       ----------
                      /          \
                     /    REST    \
                    /      IN      \
                   /     PEACE      \
                  /                  \
                  |  Euronymous109   |
                  |      169 Au      |
                  |   killed by a    |
                  |      rothe       |
                  |                  |
                  |                  |
                  |       2026       |
                 *|     *  *  *      | *
        _________)/\\_//(\/(/\)/\//\/|_)_______

Goodbye Euronymous109 the Wizard...

You died in The Dungeons of Doom on dungeon level 5 with 901 points,
and 169 pieces of gold, after 2595 moves.
You were level 4 with a maximum of 18 hit points when you died.

